 Dungeon Sprint DCSS version 0.22-a0-110-g5b255cf (webtiles) character file.

3193 theanonym the Severer (level 9, -6/147 (148) HPs)
             Began as a Deep Dwarf Gladiator on Jan 27, 2018.
             Was the Champion of Makhleb.
             Mangled by a mummy priest (8 damage)
             ... in the Dungeon (Sprint V: "Ziggurat Sprint").
             The game lasted 00:02:03 (258 turns).

theanonym the Severer (Deep Dwarf Gladiator)         Turns: 258, Time: 00:02:03

HP:   -6/147 (148)  AC: 26    Str: 38    XL:     9   Next: 64%
MP:   6/6           EV:  9    Int: 12    God:    Makhleb [******]
Gold: 0             SH:  0    Dex: 14    Spells: 8/8 levels left

rFire    + . .     SeeInvis .   H - +5 executioner's axe (drain)
rCold    + . .     Gourm    .   (shield currently unavailable)
rNeg     . . .     Faith    .   G - +5 gold dragon scales {23 rF+ rC+ rPois}
rPois    +         Spirit   .   J - +2 helmet {Int+3}
rElec    .         Reflect  .   (no cloak)
rCorr    .         Harm     .   (no gloves)
MR       +....     NoTele   +   (no boots)
Stlth    ..........             (no amulet)
HPRegen  0.00/turn              B - +6 ring of strength
MPRegen  0.10/turn              C - +6 ring of strength

@: berserking, flayed, non-regenerating, very quick
A: damage resistance, heal wounds, sense surroundings 2, no regeneration
a: Heal Wounds, Minor Destruction, Lesser Servant of Makhleb, Major Destruction,
Greater Servant of Makhleb, Renounce Religion


Innate Abilities, Weirdness & Mutations

You are resistant to damage.
You can heal yourself by infusing magical energy.
You passively map the area around you.
You do not regenerate.


   Skills:
 * Level 12.3 Fighting
 * Level 16.1 Axes
 - Level 1.7 Throwing
 + Level 10.4 Armour
 - Level 3.2 Dodging


You had 8 spell levels left.
You didn't know any spells.

Skill      XL: |  1  2  3  4  5  6  7  8  9 |
---------------+----------------------------+-----
Axes           | 8 9 12 13 15 16 | 16.1
Fighting       | 4 7 8 9 11 12 | 12.3
Armour         | 2 6 7 8 9 10 | 10.4
Throwing       | |  1.7
Dodging        | |  3.2

Action                   |  1- 3 |  4- 6 |  7- 9 || total
-------------------------+-------+-------+-------++-------
Melee: Executioner's axe |     3 |     8 |    54 ||    65
 Abil: Heal Wounds       |       |     2 |     7 ||     9
  Use: Potion            |     1 |       |     1 ||     2
       Scroll            |       |       |     1 ||     1
Armor: Gold dragon scale |     1 |     9 |    77 ||    87
Dodge: Dodged            |     1 |     5 |    36 ||    42

Inventory:

Hand Weapons
 a - a +0 war axe
 H - a +5 executioner's axe of draining (weapon)
   (You found it in the Dungeon)
Missiles
 d - 3 throwing nets (quivered)
Armour
 c - a +0 helmet
 k - a +0 leather armour {4}
 G - +5 gold dragon scales (worn) {23 rF+ rC+ rPois}
   (You found it in the Dungeon)
 I - a +0 helmet of intelligence
   (You found it in the Dungeon)
 J - a +2 helmet of intelligence (worn)
   (You found it in the Dungeon)
Jewellery
 m - an uncursed ring of protection from fire {rF+}
   (You found it in the Dungeon)
 x - a +6 ring of dexterity
   (You found it in the Dungeon)
 y - a +6 ring of dexterity
   (You found it in the Dungeon)
 z - a +6 ring of intelligence
   (You found it in the Dungeon)
 A - a +6 ring of intelligence
   (You found it in the Dungeon)
 B - a +6 ring of strength (left hand)
   (You found it in the Dungeon)
 C - a +6 ring of strength (right hand)
   (You found it in the Dungeon)
Wands
 v - a wand of acid (7)
   (You found it in the Dungeon)
 D - a wand of disintegration (7)
   (You found it in the Dungeon)
 E - a wand of iceblast (7)
   (You found it in the Dungeon)
Scrolls
 b - 4 scrolls of blinking
 f - 7 scrolls of fog
 p - 4 scrolls of amnesia
 r - 5 scrolls of identify
 s - a scroll of holy word
 u - 5 scrolls of remove curse
 F - 2 scrolls of fear
Potions
 g - 2 potions of invisibility
 h - 6 potions of haste
 i - 7 potions of magic
 j - 2 potions of berserk rage
 l - 4 potions of resistance {rF+ rC+}
 n - 5 potions of agility
 o - 7 potions of might
 q - 10 potions of heal wounds
 t - 2 potions of brilliance
 w - 10 potions of curing
Comestibles
 e - 7 rations You were in the Dungeon. You worshipped Makhleb. Makhleb was exalted by your worship. You were not hungry. You visited 1 branch

Dungeon Overview and Level Annotations

Branches:
Dungeon (1/1)

Altars:
Ashenzari
Cheibriados
Dithmenos
Elyvilon
Fedhas
Gozag
Hepliaklqana
Kikubaaqudgha
Makhleb
Nemelex Xobeh
Okawaru
Qazlal
Ru
Sif Muna
Trog
Uskayaw
Vehumet
Wu Jian
Xom
Yredelemnul
Zin
The Shining One
Beogh
Jiyva
Lugonu

Annotations:
D 1 transporter

,,,©,
▓...©...▓
▓▓▓▓▓▓▓▓▓ ,
▓..8©8..▓ ,
,, ,
▓...:|..▓ ,
, ,,
,,,▓..%%...▓
,, ,
▓.......▓ ,,
▓.......▓ ,
▓.4MWW..▓ *,
, ▓.ZM@W..▓
, ,,
▓.▓z.3▓.▓ ,
, ©
▓.4.©...▓ *
* ▓▓▓▓▓▓▓▓▓
8, ,,8©8 ,,
, , , , * ,,
,, , , ,, ,,
, *


You could see a greater mummy, a mummy priest, a flayed ghost, a phantasmal
warrior, a sixfirhy, a chaos spawn, a red devil, a shadow, a flying skull and a
leopard gecko zombie.

Notes
Turn   | Place    | Note
-------+----------+-------------------------------------------
     0 | D        | Found the +6 Majin-Bo {vamp, Archmagi MP+6 Int+6}
     0 | D        | Found the +7 great mace "Firestarter" {inner flame, rF++}
     0 | D        | theanonym the Deep Dwarf Gladiator began the quest for the Orb.
     0 | D        | Reached XP level 1. HP: 19/19 MP: 1/1
     0 | D        | Found a deep blue altar of Sif Muna.
     0 | D        | Found a sacrificial altar of Ru.
     0 | D        | Found a bloodstained altar of Trog.
     0 | D        | Found a stormy altar of Qazlal.
     0 | D        | Found an iron altar of Okawaru.
     0 | D        | Found a sparkling altar of Nemelex Xobeh.
     0 | D        | Found a blossoming altar of Fedhas.
     2 | D        | Found a transporter.
     2 | D        | Found an ancient bone altar of Kikubaaqudgha.
     2 | D        | Found a viscous altar of Jiyva.
     2 | D        | Found a corrupted altar of Lugonu.
     2 | D        | Found a hazy altar of Hepliaklqana.
     2 | D        | Found a burning altar of Makhleb.
     2 | D        | Found an opulent altar of Gozag.
    19 | D        | Found the +9 heavy crossbow "Sniper" {velocity, Acc+∞ SInv}
    19 | D        | Found the +10 dark maul {crush}
    19 | D        | Found the +15 Maxwell's patent armour {-Cast -Tele rElec MR+ rCorr}
    19 | D        | Found the +18 shield of the Gong {rElec rN+ MR+ EV-5}
    19 | D        | Found the cursed +14 obsidian axe {chop, +Fly SInv *Curse}
    20 | D        | Found the +6 shillelagh "Devastator" {shatter}
    20 | D        | Found the +11 plutonium sword {*Contam Stlth-}
    20 | D        | Found the +8 lance "Wyrmbane" {slay drac, rPois rF+ rC+ AC+3}
    20 | D        | Found the +9 sword of Zonguldrok {reap}
    20 | D        | Found the cursed +13 scythe of Curses {drain, *Curse}
    20 | D        | Found the +0 sword of Power
    20 | D        | Found the +7 Singing Sword
    20 | D        | Found the +7 longbow "Piercer" {penet, EV-2}
    22 | D        | Became a worshipper of Makhleb the Destroyer
    55 | D        | Reached skill level 8 in Axes
    55 | D        | Reached XP level 2. HP: 26/26 MP: 2/2
    57 | D        | Entered arena 2.
    57 | D        | Noticed an ogre
    57 | D        | Noticed a cyclops
    57 | D        | Found a transporter.
    61 | D        | Killed an ogre
    61 | D        | Reached skill level 4 in Fighting
    61 | D        | Reached skill level 9 in Axes
    61 | D        | Reached skill level 2 in Armour
    61 | D        | Reached XP level 3. HP: 29/36 MP: 3/3
    61 | D        | Reached XP level 4. HP: 35/44 MP: 4/4
    62 | D        | HP: 17/44 [cyclops (18)]
    63 | D        | Killed a cyclops
    63 | D        | Reached skill level 7 in Fighting
    63 | D        | Reached skill level 12 in Axes
    63 | D        | Reached skill level 6 in Armour
    63 | D        | Reached XP level 5. HP: 23/58 MP: 5/5
    63 | D        | Reached XP level 6. HP: 26/67 MP: 6/6
    71 | D        | Entered arena 3.
    71 | D        | Noticed a merfolk
    71 | D        | Noticed a merfolk
    71 | D        | Noticed a merfolk
    71 | D        | Found a transporter.
    79 | D        | Killed a merfolk
    79 | D        | Reached * piety under Makhleb
    79 | D        | Reached skill level 8 in Fighting
    79 | D        | Reached skill level 13 in Axes
    79 | D        | Reached skill level 7 in Armour
    79 | D        | Reached XP level 7. HP: 48/75 MP: 5/5
    79 | D        | HP: 34/75 [merfolk/trident (14)]
    83 | D        | Killed a merfolk
    83 | D        | Reached skill level 9 in Fighting
    85 | D        | HP: 18/76 [merfolk/trident (3)]
    86 | D        | Killed a merfolk
    86 | D        | Reached skill level 8 in Armour
    86 | D        | Reached XP level 8. HP: 20/86 MP: 6/6
    93 | D        | Entered arena 4.
    93 | D        | Found a transporter.
    96 | D        | Reached ** piety under Makhleb
    96 | D        | Reached skill level 10 in Fighting
    98 | D        | Reached skill level 14 in Axes
   100 | D        | Reached *** piety under Makhleb
   120 | D        | Entered arena 5.
   120 | D        | Noticed a starcursed mass
   120 | D        | Found a transporter.
   124 | D        | Killed a starcursed mass
   126 | D        | Reached **** piety under Makhleb
   130 | D        | Killed a starcursed mass
   130 | D        | Reached skill level 9 in Armour
   131 | D        | Killed a starcursed mass
   132 | D        | Killed a starcursed mass
   132 | D        | Reached skill level 11 in Fighting
   133 | D        | Killed a starcursed mass
   138 | D        | Entered arena 6.
   138 | D        | Found a transporter.
   141 | D        | Reached ***** piety under Makhleb
   141 | D        | Reached skill level 15 in Axes
   141 | D        | Gained mutation: You passively map the area around you. [Deep Dwarf growth]
   141 | D        | Reached XP level 9. HP: 97/97 MP: 6/6
   224 | D        | Entered arena 7.
   225 | D        | Found a transporter.
   235 | D        | Reached skill level 10 in Armour
   246 | D        | Entered arena 8.
   246 | D        | Noticed a greater mummy
   246 | D        | Noticed a mummy priest
   246 | D        | Noticed a guardian mummy
   246 | D        | Noticed a guardian mummy
   247 | D        | Found a transporter.
   250 | D        | Killed a guardian mummy
   250 | D        | Reached skill level 12 in Fighting
   254 | D        | Noticed a flayed ghost
   254 | D        | Killed a guardian mummy
   254 | D        | Reached ****** piety under Makhleb
   254 | D        | Reached skill level 16 in Axes
   254 | D        | HP: 48/97 [flayed ghost/flay_damage[a mummy priest] (15)]
   255 | D        | Noticed a phantasmal warrior
   255 | D        | Noticed a red devil
   255 | D        | Noticed a sixfirhy
   256 | D        | Noticed an ice devil
   257 | D        | HP: 2/147 [something (27)]
   258 | D        | Mangled by a mummy priest

Vanquished Creatures
  A cyclops (D)
  2 guardian mummies (D)
  3 merfolk (D)
  A flying skull (D)
  5 starcursed masses (D)
  3 fire elementals (D)
  2 hell hounds (D)
  2 orc warriors (D)
  An ogre (D)
  A quasit (D)
  An orc priest (D)
  An iron imp (D)
  An orc wizard (D)
  A white imp (D)
  An ufetubus (D)
  2 orcs (D)
  A giant cockroach zombie (D)
  A quokka zombie (D)
30 creatures vanquished.

Vanquished Creatures (others)
  2 fire vortices (D)
2 creatures vanquished.

Grand Total: 32 creatures vanquished

Table legend:
 A = Turns spent in this place as a percentage of turns spent in the entire game.
 B = Non-inter-level travel turns spent in this place as a percentage of non-inter-level travel turns spent in the entire game.
 C = Inter-level travel turns spent in this place as a percentage of turns spent in this place.
 D = Turns resting spent in this place as a percentage of non-inter-level travel turns spent in this place.
 E = Turns spent auto-exploring this place as a percentage of non-inter-level travel turns spent in this place.
 F = Non-inter-level travel turns spent in this place divided by the number of levels of this place that you've seen.
                   A       B       C       D       E      F
               +-------+-------+-------+-------+-------+----------------------
         Total | 100.0 | 100.0 |   0.0 |  20.9 |   4.7 | 258.0
       Dungeon | 100.0 | 100.0 |   0.0 |  20.9 |   4.7 | 258.0
               +-------+-------+-------+-------+-------+----------------------
